 Dungeon Crawl Stone Soup version 0.29.1-15-g9cfb28693d (webtiles) character file.

Game seed: 7110585009934950728

714 nightchill the Chopper (level 7, 0/63 HPs)
             Began as a Minotaur Fighter on Mar 6, 2023.
             Was a Believer of Qazlal.
             Slain by Pikel
             ... wielding a +0 whip of freezing
              (2 damage)
             ... on level 5 of the Dungeon.
             The game lasted 00:06:46 (3627 turns).

nightchill the Chopper (Minotaur Fighter)           Turns: 3627, Time: 00:06:47

Health: 0/63       AC:  8    Str: 22    XL:     7   Next: 41%
Magic:  2/8        EV:  8    Int:  5    God:    Qazlal [**....]
Gold:   167        SH: 11    Dex: 10    Spells: 6/6 levels left

rFire   . . .      SeeInvis .   a - +0 war axe
rCold   . . .      Faith    +   r - +0 kite shield
rNeg    . . .      Spirit   .   b - +0 scale mail
rPois   .          Reflect  .   (helmet restricted)
rElec   .          Harm     .   A - scarf {shadows}
rCorr   .          Rampage  .   (no gloves)
Will    .....                   e - +0 pair of boots
Stlth   ..........              g - amulet of faith
HPRegen 0.20/turn               (no ring)
MPRegen 0.11/turn               (no ring)

@: on berserk cooldown, slowed, very slow
A: horns 2, retaliatory headbutt
a: Renounce Religion, Upheaval


You were on level 5 of the Dungeon.
You worshipped Qazlal.
Qazlal was pleased with you.
You visited 1 branch of the dungeon, and saw 5 of its levels.

You collected 287 gold pieces.
You spent 120 gold pieces at shops.

Inventory:

Hand Weapons
 a - a +0 war axe (weapon)
 p - a +0 war axe
Missiles
 k - 5 silver boomerangs (quivered)
Armour
 b - a +0 scale mail (worn)
 c - a +0 buckler
 e - a +0 pair of boots (worn)
 r - a +0 kite shield (worn)
 A - a scarf of shadows (worn)
Jewellery
 g - an amulet of faith (around neck)
 z - an amulet of magic regeneration
 C - a ring of protection from cold
Wands
 x - a wand of iceblast (5)
Scrolls
 f - a scroll of amnesia {unknown}
 h - a scroll of magic mapping {unknown}
 i - a scroll of enchant armour {unknown}
 o - a scroll of torment {unknown}
 s - a scroll of fear {unknown}
 t - a scroll of immolation {unknown}
 v - 2 scrolls of fog {unknown}
 w - 5 scrolls of identify {unknown}
 y - a scroll of noise {unknown}
 B - a scroll of vulnerability {unknown}
Potions
 d - a potion of might
 j - a potion of berserk rage
 l - a potion of curing {unknown}
 n - a potion of ambrosia {unknown}
 q - a potion of invisibility {unknown}
 u - a potion of resistance {unknown}
 D - a potion of haste {unknown}


   Skills:
 + Level 6.2 Fighting
 * Level 7.5 Axes
 - Level 3.6 Armour
 - Level 3.6 Shields
 + Level 3.4 Invocations


You had 6 spell levels left.
You didn't know any spells.
Your spell library contained the following spells:

 Spells                   Type           Power      Damage    Failure   Level
 Apportation              Tloc           0%         N/A       99%         1
 Necrotise                Necr           0%         1d4       99%         1
 Sandblast                Erth           0%         2d4       99%         1
 Summon Small Mammal      Summ           0%         N/A       99%         1
 Blink                    Tloc           0%         N/A       99%         2
 Passwall                 Tmut/Erth      0%         N/A       99%         2
 Lesser Beckoning         Tloc           0%         N/A       100%        3
 Stone Arrow              Conj/Erth      0%         3d7       100%        3
 Blade Hands              Tmut           0%         N/A       100%        5
 Irradiate                Conj/Tmut      0%         3d11      100%        5
 Manifold Assault         Tloc           0%         N/A       100%        5
 Dispersal                Tloc           0%         N/A       100%        6
 Dragon Form              Tmut           0%         N/A       100%        7
 Disjunction              Tloc           0%         N/A       100%        8


Dungeon Overview and Level Annotations

Branches:
Dungeon (5/15)
 Temple: D:4-7

Altars:
Qazlal

Shops:
D:4 [

Annotations:
D:5 Pikel


Innate Abilities, Weirdness & Mutations

You have a pair of horns on your head.
You reflexively headbutt those who attack you in melee.


Message History

You feel a strong urge to attack something.
Pikel waves his whip at you.
You feel less confused.
You are no longer berserk.
You are exhausted.
You feel yourself slow down. The lemure hits you but does no damage.
You barely miss Pikel. Your headbutt misses Pikel.
Pikel is almost dead.
You hit the lemure. You block the lemure's attack.
Pikel hits you with a +0 whip of freezing.
* * * LOW HITPOINT WARNING * * *
Pikel freezes you.
* * * LOW HITPOINT WARNING * * *
The lemure hits you!
* * * LOW HITPOINT WARNING * * *
Pikel closely misses you.
Aiming: Upheaval
Press: ? - help, Dir - move target, p - Pikel A storm cloud blasts the area with cutting wind!
You block the lemure's attack. You block Pikel's attack.
Aiming: Upheaval
Press: ? - help, Dir - move target A storm cloud blasts the area with cutting wind!
You can no longer give life to nearby clouds.
The lemure is engulfed in freezing vapours.
You kill the lemure!
That felt strangely unrewarding.
Pikel hits you with a +0 whip of freezing.
* * * LOW HITPOINT WARNING * * *
Pikel freezes you.
* * * LOW HITPOINT WARNING * * *
Pikel closely misses you. You furiously retaliate!
You headbutt Pikel.
Okay, then.
Press: ? - help, v - describe, . - travel
Here: Pikel, wielding a +0 whip of freezing and wearing a +0 robe (almost dead)
The floor, spattered with blood.
You closely miss Pikel.
Pikel is almost dead.
Pikel hits you with a +0 whip of freezing.
You die...

#### #... ##### #######...
############...#########.........
.......................'>........
#######..............###.......##
......'........○K○...# #.......#
#######.........@....# #.......#
#..............# #.#'#####
#..............# #.#.###### ..
#########+#+#### #.#....... ..
#.####.... ## #.# #.... ... #####
# #.#


You could see Pikel.

Vanquished Creatures
  A troll (D:5)
  A black bear (D:4)
  A phantom (D:4)
  4 lemures (D:5)
  A hound (D:4)
  A jelly (D:4)
  An orc priest (D:3)
  Ijyb (D:3)
  An iguana (D:4)
  2 orc wizards
  5 adders
  An ufetubus (D:5)
  A worm (D:3)
  A dart slug (D:4)
  10 orcs
  7 ball pythons
  11 endoplasms
  6 giant cockroaches
  6 goblins
  4 hobgoblins
  3 jackals (D:1)
  4 quokkas
  10 bats
  2 frilled lizards (D:3)
  12 kobolds
  6 rats
103 creatures vanquished.

Notes
Turn   | Place    | Note
-------+----------+-------------------------------------------
     0 | D:1      | nightchill the Minotaur Fighter began the quest for the
                  | Orb.
     0 | D:1      | Reached XP level 1. HP: 19/19 MP: 0/0
    46 | D:1      | Reached skill level 3 in Axes
   132 | D:1      | Reached XP level 2. HP: 23/27 MP: 1/1
   347 | D:1      | Reached XP level 3. HP: 33/33 MP: 2/2
   406 | D:1      | Found a faded altar of an unknown god.
   586 | D:1      | Prayed at the altar of an unknown god.
   586 | D:1      | Became a worshipper of Qazlal Stormbringer
   586 | D:1      | Reached * piety under Qazlal
   647 | D:2      | Reached skill level 4 in Axes
   879 | D:2      | Reached XP level 4. HP: 36/41 MP: 3/3
  1178 | D:3      | Reached ** piety under Qazlal
  1321 | D:3      | Noticed Ijyb
  1328 | D:3      | Killed Ijyb
  1329 | D:3      | Reached skill level 1 in Invocations
  1496 | D:3      | Reached skill level 5 in Axes
  1496 | D:3      | Reached XP level 5. HP: 47/47 MP: 3/5
  1953 | D:4      | Noticed a black bear
  1961 | D:4      | Killed a black bear
  1962 | D:4      | Reached skill level 5 in Fighting
  1962 | D:4      | Reached XP level 6. HP: 37/56 MP: 6/6
  2044 | D:4      | Reached skill level 6 in Axes
  2380 | D:4      | Reached *** piety under Qazlal
  2566 | D:4      | Found Sumow's Armour Emporium.
  2648 | D:4      | Bought a scarf of shadows for 120 gold pieces
  3211 | D:5      | Entered Level 5 of the Dungeon
  3267 | D:5      | Noticed a troll
  3277 | D:5      | Killed a troll
  3278 | D:5      | Reached skill level 7 in Axes
  3278 | D:5      | Reached XP level 7. HP: 11/63 MP: 4/8
  3569 | D:5      | Noticed Pikel
  3626 | D:5      | HP: 3/63 [Pikel/+0 whip of freezing (3)]
  3626 | D:5      | HP: 1/63 [Pikel/+0 whip of freezing (2)]
  3627 | D:5      | Slain by Pikel

Illustrated notes

Levels and vault maps discovered:
D:1:      amcnicky_arrival_flooded_fountain, layout_rooms,
          shapermc_ecumenical_altar_venn, minmay_nonomino_d4
D:2:      layout_rooms, grunt_decor_one_mirror, minivault_11
D:3:      layout_rooms, uniq_ijyb
D:4:      layout_gridville, serial_shops, nicolae_shop_trees
D:5:      layout_basic, minmay_temple_entry_trees,
          amcnicky_mini_corridor_feature, uniq_pikel, uniq_prince_ribbit1,
          uniq_duvessa

Skill      XL: |  1  2  3  4  5  6 |
---------------+-------------------+-----
Axes           | 3 4 5 7 |  7.5
Fighting       | 4 5 6 |  6.2
Invocations    | 1 2 3 |  3.4
Armour         | |  3.6
Shields        | |  3.6

Action                   |  1- 3 |  4- 6 |  7- 9 || total
-------------------------+-------+-------+-------++-------
Melee: War axe           |    82 |   131 |    19 ||   232
       Headbutt          |     7 |    18 |     2 ||    27
Invok: Upheaval          |       |     1 |     3 ||     4
  Use: Potion            |       |     1 |     2 ||     3
Armor: Scale mail        |    48 |    62 |     7 ||   117
Dodge: Dodged            |    62 |    32 |     7 ||   101
Block: Buckler           |    12 |       |       ||    12
       Kite shield       |    17 |    82 |    22 ||   121
